 Dungeon Crawl Stone Soup version 0.31-a0-152-g6aa68a64a1 (webtiles) character file.

Game seed: 11560120963381111166

18 Moral the Firebug (level 2, 0/19 HPs)
             Began as a Demonspawn Fire Elementalist on June 10, 2023.
             Slain by a hobgoblin (6 damage)
             ... led by Robin
             ... on level 2 of the Dungeon.
             The game lasted 00:05:57 (506 turns).

Moral the Firebug (Demonspawn Fire Elementalist)     Turns: 506, Time: 00:05:57

Health: 0/19       AC:  2    Str: 14    XL:     2   Next: 51%
Magic:  2/5        EV: 12    Int: 16    God:
Gold:   3          SH:  4    Dex: 13    Spells: 4/5 levels left

rFire   . . .        f - +0 club
rCold   . . .        (no shield)
rNeg    . . .        a - +0 robe
rPois   .            (no helmet)
rElec   .            (no cloak)
rCorr   .            (no gloves)
SInv    .            (no boots)
Will    .....        (no amulet)
Stlth   ++           e - +6 ring of strength
HPRegen 0.23/turn    (no ring)
MPRegen 0.09/turn

%: no passive effects
@: no status effects
A: condensation shield
a: no special abilities


You were on level 2 of the Dungeon.
You visited 1 branch of the dungeon, and saw 2 of its levels.

You collected 3 gold pieces.

Inventory:

Hand Weapons
 f - a +0 club (weapon)
Armour
 a - a +0 robe (worn)
Jewellery
 e - a +6 ring of strength (left hand)
Scrolls
 c - a scroll of identify {unknown}
 d - a scroll of immolation {unknown}
Potions
 b - a potion of magic


   Skills:
 + Level 1.7 Dodging
 + Level 2.0 Stealth
 * Level 2.0 Spellcasting
 + Level 1.1 Conjurations
 * Level 3.3 Fire Magic


You had 4 spell levels left.
You knew the following spells:

 Your Spells              Type           Power      Damage    Failure   Level
a - Foxfire               Conj/Fire      32%        2x1d5     9%          1

Your spell library contained the following spells:

 Spells                   Type           Power      Damage    Failure   Level
 Scorch                   Fire           24%        2d6       8%          2
 Inner Flame              Hex/Fire       7%         N/A       30%         3
 Volatile Blastmotes      Fire/Tloc      14%        2d11      30%         3
 Flame Wave               Conj/Fire      8%         2d5       63%         4


Dungeon Overview and Level Annotations

Branches:
Dungeon (2/15)

Altars:

Annotations:
D:2 Robin


Innate Abilities, Weirdness & Mutations

A meltable shield of frost defends you. (SH +4)


Message History

Robin throws the goblin at you! The hobgoblin attacks as you move away!
The hobgoblin barely misses you.
The foxfire hits the hobgoblin.
The hobgoblin is almost dead.
The foxfire hits the hobgoblin.
You kill the hobgoblin!
The goblin attacks as you move away! The goblin barely misses you.
The goblin no longer looks unusually strong.
You closely miss the goblin. The goblin hits you with a +0 club.
You hit the goblin but do no damage.
The hobgoblin no longer looks unusually strong. x2
The goblin closely misses you.
Robin roars a battlecry!
The goblins go into a battle-frenzy!
Casting: Foxfire (safe; 9% risk of failure)
Press: ? - help, Q - select action Dir - look around, f - activate You conjure some foxfire!
The hobgoblin no longer looks unusually strong.
The goblin closely misses you.
Robin roars a battlecry!
The hobgoblin goes into a battle-frenzy!
You closely miss the goblin.
The goblin no longer looks unusually strong.
Robin drinks a potion.
Robin seems to speed up.
The goblin hits you with a +0 club. x2
You hit the goblin.
You kill the goblin!
The goblin no longer looks unusually strong.
Your Stealth skill increases to level 2!
You hit the hobgoblin but do no damage.
Robin roars a battlecry!
The hobgoblin hits you.
You hit the hobgoblin but do no damage. The hobgoblin barely misses you.
Robin throws the goblin at you! Robin throws the goblin at you!
The goblin barely misses you. The goblin closely misses you.
You hit the goblin.
The goblin is severely wounded.
The hobgoblin hits you.
You die...

#....#.........#
.#..............#
.#.###..........######
...........######...
##.##......#######.#####
....'......'...........#
.)..#.....g#######.###.#
..).[.......g.ggg#.###.#..
)....#####..####@g.......#
.........##...##....####.#
....[....####.##...†.....#
....†....# #..#...#.#####
..#..)...# #>....#.#
..#......# #.#...#.#
.(#......# #.#...#.#
..#......# # #..(..#
..#[.....# #..<..#


You could see Robin (fast), 3 hobgoblins and 2 goblins.

Vanquished Creatures
  An endoplasm (D:2)
  2 giant cockroaches (D:1)
  4 goblins (D:2)
  4 hobgoblins
  2 ball pythons
  2 frilled lizards
  A kobold (D:2)
  A rat (D:2)
17 creatures vanquished.

Vanquished Creatures (others)
  32 foxfires
32 creatures vanquished.

Grand Total: 49 creatures vanquished

Notes
Turn   | Place    | Note
-------+----------+-------------------------------------------
     0 | D:1      | Moral the Demonspawn Fire Elementalist began the quest for
                  | the Orb.
     0 | D:1      | Reached XP level 1. HP: 13/13 MP: 3/3
   293 | D:1      | Reached skill level 3 in Fire Magic
   385 | D:2      | Gained mutation: A meltable shield of frost defends you.
                  | (SH +4) [demonic ancestry]
   385 | D:2      | Reached XP level 2. HP: 19/19 MP: 1/5
   478 | D:2      | Noticed Robin
   506 | D:2      | Slain by a hobgoblin

Illustrated notes

Levels and vault maps discovered:
D:1:      dpeg_arrival_tiny_a, layout_basic, serial_bayou,
          serial_bayou_crossing, serial_bayou_shore_a, serial_bayou_pond_a,
          serial_bayou_lagoon_a, grunt_decor_resistance
D:2:      layout_basic, ebering_ecumenical_altar_abandoned, uniq_robin

Skill      XL: |  1  2 |
---------------+-------+-----
Fire Magic     | 3 |  3.3
Stealth        | 2 |  2.0
Dodging        | |  1.7
Spellcasting   | |  2.0
Conjurations   | |  1.1

Action                     || total
---------------------------++-------
  Melee: Unarmed           ||    19
         Club              ||    14
   Cast: Foxfire           ||    18
   Stab: Sleeping          ||     1
 Armour: Robe              ||     8
  Dodge: Dodged            ||    29
  Block: Other             ||     1

Table legend: (Time is in decaauts)
 A = Elapsed time spent in this place.
 B = Non-inter-level travel time spent in this place.
 C = Inter-level travel time spent in this place.
 D = Time resting spent in this place.
 E = Time spent auto-exploring this place.
 F = Levels seen in this place.
 G = Mean time per level.
                   A        B        C        D        E       F      G
               +--------+--------+--------+--------+--------+-----+--------+
         Total |    508 |    464 |     44 |    220 |     65 |   2 |  254.0 |
       Dungeon |    508 |    464 |     44 |    220 |     65 |   2 |  254.0 |
               +--------+--------+--------+--------+--------+-----+--------+

Top non-repeatable levels by time:
     D:1: 375 daAuts
     D:2: 133 daAuts
